 Dungeon Crawl Stone Soup version 0.25-a0-44-g29a1220a87 (webtiles) character file.

Game seed: 8139635581647495322, levelgen mode: deterministic

1580 keltmir the Charmwright (level 8, -1/64 HPs)
             Began as a Gnoll Skald on Oct 23, 2019.
             Was an Initiate of Makhleb.
             Slain by an orc warrior
             ... wielding a +0 war axe
              (22 damage)
             ... on level 6 of the Dungeon.
             The game lasted 00:25:14 (6417 turns).

keltmir the Charmwright (Gnoll Skald)               Turns: 6417, Time: 00:25:17

Health: -1/64      AC:  6    Str: 16    XL:     8   Next: 91%
Magic:  14/17      EV: 15    Int: 16    God:    Makhleb [......]
Gold:   144        SH:  0    Dex: 14    Spells: 12/19 levels left

rFire    . . .     SeeInvis .   u - +0 spear (venom)
rCold    . . .     Gourm    .   (no shield)
rNeg     . . .     Faith    .   t - +2 leather armour {MR+}
rPois    .         Spirit   .   v - +0 helmet
rElec    .         Reflect  .   (no cloak)
rCorr    .         Harm     .   (no gloves)
MR       +....                  (no boots)
Stlth    ++........             (no amulet)
HPRegen  0.20/turn              (no ring)
MPRegen  0.15/turn              (no ring)

@: no status effects
A: distributed training, fangs 1, strong nose
a: Renounce Religion


You were on level 6 of the Dungeon.
You worshipped Makhleb.
Makhleb was noncommittal.
You were hungry.

You visited 2 branches of the dungeon, and saw 7 of its levels.

You collected 208 gold pieces.
You spent 64 gold pieces at shops.

Inventory:

Hand Weapons
 l - a +0 dagger of venom
 n - a +0 whip
 p - a +0 trident
 u - a +0 spear of venom (weapon)
Missiles
 B - a throwing net (quivered)
Armour
 t - a +2 leather armour of magic resistance (worn)
 v - a +0 helmet (worn)
 y - a scarf of repulsion
Jewellery
 j - an uncursed amulet of the gourmand {unknown}
 q - an uncursed ring of poison resistance {unknown}
 G - an uncursed ring of ice {unknown}
Wands
 s - a wand of iceblast (14)
 x - a wand of random effects (40)
 z - a wand of paralysis (15)
Scrolls
 a - a scroll of fear {unknown}
 c - a scroll of immolation {unknown}
 e - 2 scrolls of fog
 i - a scroll of teleportation
 m - 2 scrolls of amnesia
 o - 2 scrolls of remove curse {unknown}
 r - a scroll of magic mapping {unknown}
 A - a scroll of enchant armour {unknown}
Potions
 b - a potion of invisibility {unknown}
 f - 2 potions of might
 g - 2 potions of berserk rage
 h - 2 potions of mutation {unknown}
 k - 2 potions of cancellation
 w - 2 potions of curing {unknown}
 C - a potion of brilliance {unknown}
 F - a potion of flight {unknown}
 H - a potion of haste {unknown}
Comestibles
 d - 10 rations
 D - 5 chunks of flesh


   Skills:
 + Level 5.9 Fighting
 + Level 3.6 Short Blades
 + Level 3.6 Long Blades
 + Level 3.6 Axes
 + Level 3.6 Maces & Flails
 + Level 5.9 Polearms
 + Level 3.6 Staves
 + Level 3.6 Slings
 + Level 3.6 Bows
 + Level 3.6 Crossbows
 + Level 3.6 Throwing
 + Level 4.5 Armour
 + Level 5.9 Dodging
 + Level 3.6 Stealth
 + Level 3.6 Shields
 + Level 3.6 Unarmed Combat
 + Level 6.2 Spellcasting
 + Level 3.0 Conjurations
 + Level 3.0 Hexes
 + Level 6.2 Charms
 + Level 3.0 Summonings
 + Level 3.0 Necromancy
 + Level 3.0 Translocations
 + Level 3.0 Transmutations
 + Level 3.0 Fire Magic
 + Level 3.0 Ice Magic
 + Level 3.0 Air Magic
 + Level 3.0 Earth Magic
 + Level 3.0 Poison Magic
 + Level 4.0 Invocations
 + Level 3.6 Evocations


You had 12 spell levels left.
You knew the following spells:

 Your Spells              Type           Power        Failure   Level  Hunger
a - Infusion              Chrm           ####         1%          1    None
b - Spectral Weapon       Hex/Chrm       ###.....     7%          3    ##.....
c - Regeneration          Chrm/Necr      ###.......   7%          3    ##.....

Your spell library contained the following spells:

 Spells                   Type           Power        Failure   Level  Hunger
 Song of Slaying          Chrm           ####....     1%          2    None
 Shroud of Golubria       Chrm/Tloc      ###...       3%          2    None


Dungeon Overview and Level Annotations

Branches:
Dungeon (6/15)             Temple (1/1) D:5

Altars:
Ashenzari
Cheibriados
Dithmenos
Fedhas
Gozag
Kikubaaqudgha
Makhleb
Qazlal
Ru
Sif Muna
Trog
Uskayaw
Vehumet
Xom
Yredelemnul
Zin
The Shining One

Shops:
D:4 *   D:5 %

Annotations:
D:5 Menkaure, Prince Ribbit


Innate Abilities, Weirdness & Mutations

Your experience applies equally to all skills.
You have very sharp teeth.
Your uncanny sense of smell can sniff out nearby items.


Message History

Confirm with . or Enter, or press ? or * to list all spells.
You draw out your weapon's spirit!
The orc wizard looks satisfied for a moment.
The orc warrior hits you with a +0 war axe.
The orc warrior hits your spectral weapon with a +0 war axe!
Your spectral weapon shares its damage with you!
You hit the orc warrior.
The orc warrior is poisoned.
The orc warrior is lightly wounded.
Your spectral weapon hits the orc warrior.
The orc warrior looks as sick as possible!
The orc wizard gestures wildly while chanting.
The orc wizard seems to speed up.
You hit the orc warrior but do no damage.
The orc warrior looks as sick as possible!
Your bite misses the orc warrior.
The orc warrior is lightly wounded.
Your spectral weapon barely misses the orc warrior.
The orc wizard hits your spectral weapon with a +0 dagger.
The orc warrior hits you with a +0 war axe!!
You die...

#.# #.......## #.#
#.......# ∆ #.#
#.......#### #.#
#..........# #.#
####.#####.# ####.###
#.#####.###.
#.o..o.######.##........
#o#.#.......#.##.####
#.(o@....#.......#
###.#.##.##.#.####
#.#.##......#
..#.#####.### ####.# #.#
#.. ..# ### ###


You could see an orc warrior, an orc wizard, an orc and a friendly spectral +0
spear of venom.

Vanquished Creatures
  Grinder (D:5)
  Sigmund (D:3)
  Eustachio (D:6)
  An ogre (D:6)
  A phantom (Temple)
  A bullfrog (D:3)
  2 scorpions (D:4)
  2 crimson imps
  A bullfrog zombie (D:2)
  A centaur zombie (D:6)
  A hound (D:4)
  A bullfrog skeleton (D:5)
  4 orc priests
  An iguana (D:5)
  Jessica (D:3)
  Ijyb (D:3)
  3 orc wizards
  A worker ant (Temple)
  A hound skeleton (D:4)
  Robin (D:3)
  9 adders
  3 gnolls (D:5)
  2 oozes (D:1)
  3 worms
  3 dart slugs
  2 leopard geckos (D:6)
  11 orcs
  6 bats
  8 giant cockroaches
  13 goblins
  7 hobgoblins
  11 jackals
  7 kobolds
  A quokka (D:3)
  7 frilled lizards
  15 rats
135 creatures vanquished.

Vanquished Creatures (others)
  A spectral weapon (D:6)
1 creature vanquished.

Grand Total: 136 creatures vanquished

Notes
Turn   | Place    | Note
-------+----------+-------------------------------------------
     0 | D:1      | keltmir the Gnoll Skald began the quest for the Orb.
     0 | D:1      | Reached XP level 1. HP: 20/20 MP: 6/6
   108 | D:1      | Reached XP level 2. HP: 25/26 MP: 2/7
   419 | D:1      | Reached XP level 3. HP: 31/31 MP: 9/9
   448 | D:1      | Reached skill level 5 in Spellcasting
   552 | D:1      | Learned a level 3 spell: Spectral Weapon
   688 | D:2      | Reached skill level 1 in Invocations
   857 | D:2      | Reached skill level 1 in Short Blades
   857 | D:2      | Reached skill level 1 in Long Blades
   857 | D:2      | Reached skill level 1 in Axes
   857 | D:2      | Reached skill level 1 in Maces & Flails
   857 | D:2      | Reached skill level 1 in Staves
   857 | D:2      | Reached skill level 1 in Slings
   857 | D:2      | Reached skill level 1 in Bows
   857 | D:2      | Reached skill level 1 in Crossbows
   857 | D:2      | Reached skill level 1 in Throwing
   857 | D:2      | Reached skill level 1 in Stealth
   857 | D:2      | Reached skill level 1 in Shields
   857 | D:2      | Reached skill level 1 in Unarmed Combat
   857 | D:2      | Reached skill level 1 in Evocations
   858 | D:2      | Reached XP level 4. HP: 33/38 MP: 4/11
   865 | D:2      | Reached skill level 1 in Conjurations
   865 | D:2      | Reached skill level 1 in Hexes
   865 | D:2      | Reached skill level 1 in Summonings
   865 | D:2      | Reached skill level 1 in Necromancy
   865 | D:2      | Reached skill level 1 in Translocations
   865 | D:2      | Reached skill level 1 in Transmutations
   865 | D:2      | Reached skill level 1 in Fire Magic
   865 | D:2      | Reached skill level 1 in Ice Magic
   865 | D:2      | Reached skill level 1 in Air Magic
   865 | D:2      | Reached skill level 1 in Earth Magic
   865 | D:2      | Reached skill level 1 in Poison Magic
  1139 | D:2      | Found a shattered altar of Ashenzari.
  1314 | D:2      | Reached XP level 5. HP: 43/43 MP: 8/12
  1782 | D:3      | Noticed Sigmund
  2009 | D:3      | Noticed Jessica
  2013 | D:3      | Killed Jessica
  2048 | D:3      | Noticed Ijyb
  2055 | D:3      | Killed Ijyb
  2147 | D:3      | Reached XP level 6. HP: 30/50 MP: 10/13
  2366 | D:3      | Noticed Robin
  2617 | D:3      | Reached skill level 5 in Fighting
  2617 | D:3      | Reached skill level 5 in Polearms
  2617 | D:3      | Reached skill level 5 in Dodging
  2717 | D:3      | Noticed an ice beast
  2790 | D:3      | Killed Robin
  3399 | D:4      | Reached XP level 7. HP: 51/56 MP: 13/15
  3627 | D:4      | Found Womudoso's Assorted Antiques.
  3637 | D:4      | Bought a scroll of identify for 64 gold pieces
  3662 | D:4      | Found a basalt altar of Yredelemnul.
  4122 | D:5      | Entered Level 5 of the Dungeon
  4122 | D:5      | Noticed Menkaure
  4175 | D:5      | Found Cenimoho's Food Emporium.
  4175 | D:5      | Noticed Grinder
  4190 | D:5      | Killed Grinder
  4499 | D:5      | Reached XP level 8. HP: 63/63 MP: 12/16
  4536 | D:5      | Found a staircase to the Ecumenical Temple.
  4544 | Temple   | Entered the Ecumenical Temple
  4785 | Temple   | Became a worshipper of Makhleb the Destroyer
  5083 | D:5      | Found a blossoming altar of Fedhas.
  5514 | D:5      | Found a shimmering altar of Xom.
  5599 | D:5      | Upgraded the game from 0.25-a0-42-g6c54e25894 to
                  | 0.25-a0-44-g29a1220a87
  5920 | D:3      | Killed Sigmund
  6102 | D:5      | Noticed Prince Ribbit
  6111 | D:5      | Learned a level 3 spell: Regeneration
  6123 | D:6      | Found a sacrificial altar of Ru.
  6178 | D:6      | Noticed Eustachio
  6192 | D:6      | Killed Eustachio
  6417 | D:6      | Slain by an orc warrior

Levels and vault maps discovered:
D:1:      minmay_arrival_doors, layout_basic
D:2:      cheibrodos_helix_gallery, layout_loops_ring, ashenzari_altar_1,
          first_ration, chequers_serial_rivers_micro_b, chequers_avenue,
          minmay_diced_spiral
D:3:      minmay_skewed_foursquare, layout_loops_ring, minmay_misc_feat_pillars,
          uniq_robin, uniq_sigmund, uniq_ijyb, uniq_jessica
D:4:      layout_loops_ring, kennysheep_mini_moat, serial_shops, shop
D:5:      layout_rooms, kennysheep_little_box, minmay_temple_entry_large_hall,
          basic_altar, serial_shops, shop, uniq_prince_ribbit1, uniq_grinder,
          uniq_menkaure
D:6:      layout_loops_cross, nicolae_ru_path_of_blood, uniq_eustachio,
          uniq_duvessa
Temple:   eino_narrow_crystal_temple

Skill      XL: |  1  2  3  4  5  6  7  8 |
---------------+-------------------------+-----
Spellcasting   | 5 6 |  6.2
Invocations    | 1 2 3 4 |  4.0
Short Blades   | 1 2 3 |  3.6
Long Blades    | 1 2 3 |  3.6
Axes           | 1 2 3 |  3.6
Maces & Flails | 1 2 3 |  3.6
Staves         | 1 2 3 |  3.6
Slings         | 1 2 3 |  3.6
Bows           | 1 2 3 |  3.6
Crossbows      | 1 2 3 |  3.6
Throwing       | 1 2 3 |  3.6
Stealth        | 1 2 3 |  3.6
Shields        | 1 2 3 |  3.6
Unarmed Combat | 1 2 3 |  3.6
Evocations     | 1 2 3 |  3.6
Conjurations   | 1 2 3 |  3.0
Hexes          | 1 2 3 |  3.0
Summonings     | 1 2 3 |  3.0
Necromancy     | 1 2 3 |  3.0
Translocations | 1 2 3 |  3.0
Transmutations | 1 2 3 |  3.0
Fire Magic     | 1 2 3 |  3.0
Ice Magic      | 1 2 3 |  3.0
Air Magic      | 1 2 3 |  3.0
Earth Magic    | 1 2 3 |  3.0
Poison Magic   | 1 2 3 |  3.0
Armour         | 3 4 |  4.5
Fighting       | 5 |  5.9
Polearms       | 5 |  5.9
Dodging        | 5 |  5.9
Charms         | 6 |  6.2

Action                   |  1- 3 |  4- 6 |  7- 9 || total
-------------------------+-------+-------+-------++-------
Melee: Spear             |   108 |    81 |   167 ||   356
       Bite              |    11 |    20 |    23 ||    54
       Punch             |     1 |     4 |     2 ||     7
       Trident           |       |    78 |       ||    78
Throw: Boomerang         |       |       |     2 ||     2
       Throwing net      |       |       |     1 ||     1
 Cast: Infusion          |     3 |       |       ||     3
       Spectral Weapon   |     3 |    18 |    15 ||    36
  Use: Scroll            |       |     4 |     4 ||     8
 Stab: Distracted        |       |     1 |     1 ||     2
       Sleeping          |       |       |     5 ||     5
  Eat: Chunk             |       |    10 |     3 ||    13
       Ration            |       |       |     2 ||     2
Armor: Leather armour    |    17 |    29 |    26 ||    72
Dodge: Dodged            |    74 |   110 |    81 ||   265

Table legend:
 A = Non-vault XP
 B = Vault XP
 C = Vault XP percentage of total XP
 D = Non-vault monster count
 E = Vault monster count
 F = Vault count percentage of total count
                 A         B        C        D         E       F
            +---------+---------+-------+---------+---------+-------
      Total |    1409 |     849 |  37.6 |     109 |      26 |  19.3
            +---------+---------+-------+---------+---------+-------
        D:1 |      55 |       0 |   0.0 |      27 |       0 |   0.0
        D:2 |     100 |      27 |  21.3 |      19 |       6 |  24.0
        D:3 |     268 |     350 |  56.6 |      28 |      18 |  39.1
        D:4 |     326 |       0 |   0.0 |      10 |       0 |   0.0
        D:5 |     187 |     281 |  60.0 |       8 |       1 |  11.1
        D:6 |     273 |     191 |  41.2 |      11 |       1 |   8.3
     Temple |     200 |       0 |   0.0 |       6 |       0 |   0.0
            +---------+---------+-------+---------+---------+-------
